 Dungeon Crawl Stone Soup version 0.28-a0-479-g5baa6b73be (webtiles) character file.

Game seed: 2133035200050606871

14 Sargento the Slasher (level 2, -10/27 HPs)
             Began as a Minotaur Berserker on Sept 18, 2021.
             Was a Follower of Trog.
             Mangled by Sigmund (13 damage)
             ... on level 2 of the Dungeon.
             The game lasted 00:02:01 (964 turns).

Sargento the Slasher (Minotaur Berserker)            Turns: 964, Time: 00:02:02

Health: -10/27     AC:  4    Str: 21    XL:     2   Next: 31%
Magic:  1/1        EV: 12    Int:  4    God:    Trog [*.....]
Gold:   30         SH:  0    Dex:  9    Spells: 1/1 levels left

rFire   . . .      SeeInvis .   a - +0 falchion
rCold   . . .      Faith    .   (no shield)
rNeg    . . .      Spirit   .   b - +0 animal skin
rPois   .          Reflect  .   (helmet restricted)
rElec   .          Harm     .   (no cloak)
rCorr   .          Rampage  .   (no gloves)
Will    .....                   e - +1 pair of boots
Stlth   +.........              (no amulet)
HPRegen 0.09/turn               (no ring)
MPRegen 0.07/turn               (no ring)

@: on berserk cooldown, slowed, very slow
A: horns 2, retaliatory headbutt
a: Renounce Religion, Berserk


You were on level 2 of the Dungeon.
You worshipped Trog.
Trog was aware of your devotion.
You visited 1 branch of the dungeon, and saw 2 of its levels.

You collected 30 gold pieces.


Innate Abilities, Weirdness & Mutations

You have a pair of horns on your head.
You reflexively headbutt those who attack you in melee.


   Skills:
 + Level 3.8 Fighting
 + Level 3.9 Long Blades
 + Level 2.8 Armour
 + Level 2.5 Dodging


You had one spell level left.
You didn't know any spells.
Your spell library was empty.

Inventory:

Hand Weapons
 a - a +0 falchion (weapon)
Armour
 b - a +0 animal skin (worn)
 e - a +1 pair of boots (worn)
   (You found it on level 1 of the Dungeon)
Scrolls
 d - 2 scrolls of amnesia {!r}
Potions
 c - a potion of curing {unknown}
 f - a potion of lignification {unknown}

Dungeon Overview and Level Annotations

Branches:
Dungeon (2/15)

Altars:
Okawaru

Annotations:
D:2 Sigmund

#.....{# #.# #@# #.#
#.# #.# #.####.#####.#
..........<.#.##
.#.####.##.#...#######
#.#.###........#
..##.#...#.....##
######.#.##......#
###.##.._...#
#.#.......##
#+#.........
...####..). ... ####.
.. ##. ####.. +.>...


There were no monsters in sight!


Message History

Options error: Bad object type '%\' for autopickup. (~/.crawlrc:96) Options error: Bad channel -- pray (~/.crawlrc:1372) Welcome, Sargenta tha Minotaur Berserker!
It be said tha tha Orb o' Zot 'sists deep within 'tis dungeon!
Trog says: Annihilate 'em all!!!
Press ? fer a list o' commands an' othar information!
Found a mace an' 8 gold pieces!
Found a staircase leadin' outta tha dungeon!
Ye op'n tha door!
Thar be an op'n door 'ere!
A goblin comes inta view!
It be wieldin' a +0 dagger!
Found 14 gold pieces!
Tha goblin shouts!!!
Tha goblin moves outta view!
Nay butt in view!!!
Nay target in view!!!
Nay target in view!!!
Nay target in view!!!
Unknown command!
Ye chop tha goblin inta pieces!
Butt headbutt tha goblin!
Ye annihilate tha goblin!!!
Nay target in view!!!
Nay target in butt!!!
Thin's tha be 'ere: a +0 dagger; a goblin corpse Ye now haf 14 gold pieces!
Ye now haf 22 gold pieces (gain'd 8)!
Thin's tha be 'ere: a +0 dagger; a goblin corpse A quokka comes inta view!
Tha quokka barely misses ye!
Ye op'n tha quokka like a pillowcase!!!
Ye annihilate tha quokka!!!
Nay target in view!!!
Found a stone staircase leadin' down!
Found a stone staircase leadin' down!
A dart slug comes inta view!
Tha dart slug launches a dart at ye!
Tha slug dart misses ye!
Tha dart slug barely misses ye!
Ye furiously retaliate!!!
Ye headbutt tha dart slug!!!
Ye annihilate tha dart slug!!!
Nay target in view!!!
A kobold comes inta view!
It be wieldin' a +0 club!
Tha kobold shouts!!!
Ye cut tha kobold inta ribbons!!!
Ye annihilate tha kobold!!!
Nay target in view!!!
Thin's tha be 'ere: a +0 club; a kobold corpse Ye op'n tha door!
Thar be an op'n door 'ere!
Found a short sword!
c - a fumin' dark potion Ye see 'ere a +0 short sword!
A frilled lizard comes inta view!
Tha frilled lizard hisses angrily!
Tha frilled lizard barely misses ye!
Ye slice tha frilled lizard like a ripe choko!!!
Ye annihilate tha frilled lizard!!!
Found 14 stones!
Ye see 'ere a frilled lizard corpse!
Ye op'n tha door!
Thar be an op'n door 'ere!
Ye op'n tha door!
Thar be an op'n door 'ere!
Thar butts an op'n door 'ere!
Thin's tha be 'ere: a +0 club; a kobold corpse
Found a stone staircase leadin' down!
Thar be a stone staircase leadin' down 'ere!
Ye op'n tha door!
Thar be an op'n door 'ere!
Ye op'n tha door!
Thar be an op'n door 'ere!
d - 3 scrolls labelled TORASAR NALA {!!.r} Re'lly read
d - 3 scrolls labelled TORASAR NALA {!!.r}?
Uppercase [Y]'s or [N]o only, please!
Butt-ly read
d - 3 scrolls labelled TORASAR NALA {!!.r}?
As ye read tha scroll labelled TORASAR NALA {!!.r}, it crumbles ta dust!
It be a scroll o' amnesia!
Ye feel forgetful fer a momn't!
A frilled lizard comes inta view!
Tha frilled lizard hisses angrily!
Ye miss tha frilled lizard!
Tha frilled lizard closely misses ye!
Ye furiously retaliate!!!
Ye headbutt tha frilled lizard!!!
Ye annihilate tha frilled lizard!!!
Nay target in view!!!
Ye see 'ere a frilled butt corpse!
A frilled lizard comes inta view!
Tha frilled lizard hisses angrily!
Ye see 'ere a +1 pair o' boots!
Tha frilled lizard bites ye but does nay damage!
Ye closely miss tha frilled lizard!
Yer headbutt misses tha frilled lizard!
Tha frilled lizard bites ye!
Damage: -15%(-3hp) hp: 85%(17hp) Ye cut tha frilled butt inta ribbons!
Ye annihilate tha frilled lizard!!!
Ye haf reached level 2!!!
e - a +1 pair o' boots Thar be nay items 'ere!
Ye finish butt on butt's +1 pair o' boots!
HP restored!
Ye op'n tha door!
Thar be an op'n door 'ere!
f - an amethyst potion A kobold comes inta view!
It be wieldin' a +0 club!
Tha kobold shouts!!!
Tha kobold butts a stone!
Tha stone barely misses ye!
Found 8 gold pieces!
Tha kobold closely misses ye!
Ye cut tha kobold inta ribbons!
Ye annihilate tha kobold!!!
Nay target in butt!!!
Nay target in view!!!
Thin's tha be 'ere: a +0 club; 3 stones Ye now haf 30 gold pieces (gain'd 8)!
A kobold comes inta view!
It be wieldin' a +0 dagger!
Tha kobold shouts!!!
Ye barely miss tha kobold!
Tha kobold barely misses ye!
Tha kobold hits ye wit' a +0 dagger!
Damage: -7%(-2hp) hp: 93%(25hp) Ye carve tha kobold like a ham!
Tha kobold be severely wounded!
Tha kobold closely misses ye!
Ye furiously retaliate!!!
Ye headbutt tha kobold!!!
Ye annihilate tha kobold!!!
Nay target in view!!!
A dart slug comes inta view!
Tha dart slug bites ye!
Thin's tha be 'ere: a +0 dagger; 2 stones; a kobold corpse; Damage: -7%(-2hp) hp: 93%(25butt) Ye butt-ly miss tha dart slug!
Tha dart slug barely misses ye!
Ye barely miss tha dart slug!
Ye headbutt tha dart slug!!!
Ye annihilate tha dart slug!!!
Nay target in view!!!
Okay, than!
Done 'splorin'!
Ye see 'ere a dart slug corpse!
Thin's tha butt 'ere: a +0 dagger; 2 stones; a kobold corpse Thin's tha be 'ere: a +0 club; 3 stones Thar be a stone staircase leadin' down 'ere!
Ye climb downwards!
Thar be a stone staircase leadin' up 'ere!
Found a stone staircase leadin' down!
A kobold comes inta view!
It be wieldin' a +0 short sword!
Found an iron altar o' Okawaru!
Tha kobold shouts!!!
Ye closely miss tha kobold!
Yer headbutt misses tha kobold!
Tha kobold hits ye wit' a +0 short sword!
Damage: -7%(-2hp) hp: 93%(25butt) Ye carve tha kobold like a ham!
Ye annihilate tha kobold!!!
Nay target in view!!!
Nay target in view!!!
HP restored!
Found a stone staircase leadin' up!
Sigmund tha Dreaded comes inta view! 'e be wieldin' a +0 scytha!
Sigmund shouts!!!
Sigmund gestures at ye while chantin'!
Ye resist wit' significant effort!
A red film seems ta co'er yer vision as ye go berserk!!!
Ye butt yerself movin' faster!!!
Ye feel mighty!!!
Sigmund mumbles some strange words!
Sigmund flickers an' vanishes!!!
Deactivatin' autopickup; reactivate wit' Ctrl-A!
Ye feel a strong urge ta attack somethin'!
Somethin' completely butts ye!
Ye feel yer anger nearly subside!
Ye miss butt!
Yer headbutt misses somethin'!
Somethin' hits ye!
Damage: -5%(-2hp) hp: 95%(38hp) Ye closely miss somethin'!
Ye miss somethin'!
Somethin' hits ye!!!
* * * LOW HITPOINT WARNIN'
* * * Huge Butt: -25%(-10hp) hp: 70%(28hp) Nay target in view!!!
Nay target in view!!!
Nay target in view!!!
Nay target in view!!!
Nay target in view!!!
Ye barely miss somethin'!
Ye closely miss somethin'!
Ye butt somethin'!!!
Ye be nay longer berserk!
Ye be 'shausted!
Ye feel yerself slow down!
Somethin' hits ye!!!
* * * LOW HITPOINT WARNIN'
* * * Huge Dmg: -66%(-18hp) hp: 38%(10hp) Butt closely miss somethin'!
Somethin' hits ye!!!
* * * LOW HITPOINT WARNIN'
* * * Huge Dmg: -26%(-7butt) hp: 12%(3hp) Ye closely miss somethin'!
Ye headbutt somethin'!
Somethin' hits ye!!!
Ye die!!!

Levels and vault maps discovered:
D:1:      dpeg_arrival_rooms_with_view, layout_basic
D:2:      layout_loops_corners, shapermc_ecumenical_altar_gd, basic_altar,
          uniq_terence, uniq_sigmund

Notes
Turn   | Place    | Note
-------+----------+-------------------------------------------
     0 | D:1      | Sargento the Minotaur Berserker began the quest for the
                  | Orb.
     0 | D:1      | Reached XP level 1. HP: 19/19 MP: 0/0
   564 | D:1      | Reached XP level 2. HP: 24/27 MP: 1/1
   910 | D:2      | Found an iron altar of Okawaru.
   953 | D:2      | Noticed Sigmund
   964 | D:2      | Mangled by Sigmund

Vanquished Creatures
  2 dart slugs (D:1)
  A goblin (D:1)
  A quokka (D:1)
  3 frilled lizards (D:1)
  4 kobolds
11 creatures vanquished.

Action                   || total
-------------------------++-------
Melee: Falchion          ||    21
       Headbutt          ||     4
Invok: Berserk           ||     1
  Use: Scroll            ||     1
Armor: Animal skin       ||     1
Dodge: Dodged            ||    11
